 Dungeon Crawl Stone Soup version 0.21-a0-630-g344d351 (webtiles) character file.

28 Alarkh the Ruffian (level 2, 23/23 HPs)
             Began as a Vampire Berserker on Dec 26, 2017.
             Was a Follower of Trog.
             Safely got out of the dungeon.
             The game lasted 00:01:54 (1346 turns).

Alarkh the Ruffian (Vampire Berserker)              Turns: 1346, Time: 00:01:55

Health: 23/23      AC:  2    Str: 16    XL:     2   Next: 96%
Magic:  2/2        EV: 13    Int:  9    God:    Trog [*.....]
Gold:   44         SH:  0    Dex: 13    Spells: 1/1 levels left

rFire    . . .     SeeInvis +     - Unarmed
rCold    + . .     Gourm    .   (no shield)
rNeg     + + .     Faith    .   a - +0 animal skin
rPois    +         Spirit   .   (no helmet)
rElec    .         Reflect  .   (no cloak)
rCorr    .         Harm     .   (no gloves)
MR       .....                  (no boots)
Stlth    ++........             (no amulet)
HPRegen  0.03/turn              (no ring)
MPRegen  0.08/turn              (no ring)

@: regenerating slowly
A: fangs 3, see invisible, unbreathing
a: Berserk, Burn Spellbooks, Renounce Religion


You escaped.
You worshipped Trog.
Trog was aware of your devotion.
You were thirsty.

You visited 1 branch of the dungeon, and saw 2 of its levels.

You collected 44 gold pieces.

Inventory:

Armour
 a - a +0 animal skin (worn)
Scrolls
 d - a scroll of magic mapping {unknown}
 e - 2 scrolls of identify {unknown}
 f - a scroll of immolation {unknown}
 g - a scroll of teleportation {unknown}
 i - a scroll of remove curse {unknown}
Potions
 b - 14 potions of blood
 c - a potion of mutation {unknown}
 h - a potion of curing {unknown}


   Skills:
 + Level 2.9 Fighting
 + Level 1.9 Armour
 + Level 2.5 Dodging
 * Level 3.8 Unarmed Combat


You had one spell level left.
You didn't know any spells.

Dungeon Overview and Level Annotations

Branches:
Dungeon (2/15)

Altars:


Innate Abilities, Weirdness & Mutations

You heal slowly.
You have razor-sharp teeth.
You have supernaturally acute eyesight. (SInv)
You can survive without breathing.


Message History

Done exploring.
Done exploring.
(D) Dungeon
Where to? (? - help)
You see here a club.
There is a stone staircase leading down, spattered with blood here.
Things that are here:
a club; a goblin skeleton You climb downwards.
Found 5 gold pieces.
There is a stone staircase leading up here.
You climb upwards.
There is a stone staircase leading down, spattered with blood here.
Things that are here:
a club; a goblin skeleton You see here 2 stones.
There is an escape hatch in the floor here.
There is a staircase leading out of the dungeon here.
Are you sure you want to leave the Dungeon?
This will make you lose the game!
You have escaped!

#.......# # #.......# # #[......#
######### # #.......###.......##
## #..................# .#
#.......##.#.#.#.#.### .#
#)......###.#.#.#....# ### .#
#..)....##.#.#.#.#.#.# ##..
.###.......###.#@#.#..#.# ##...
....#########.#.#.#.###.# #....
###.## ##.#.#.#..#.# #....
.....########.#.#.#.#...# #....
##.........###.#.#.#.##.######...
#####.###.###.......#...........
#..##.##[>####.(.).###......
##....##.#####.##...##.#....
####.#.(......###..#..##...


There were no monsters in sight!

Vanquished Creatures
  2 giant cockroaches (D:1)
  8 goblins (D:1)
  3 hobgoblins (D:1)
  2 kobolds (D:1)
  5 bats (D:1)
  2 frilled lizards (D:1)
  4 rats (D:1)
26 creatures vanquished.

Notes
Turn   | Place    | Note
-------+----------+-------------------------------------------
     0 | D:1      | Alarkh the Vampire Berserker began the quest for the Orb.
     0 | D:1      | Reached XP level 1. HP: 17/17 MP: 1/1
   158 | D:1      | Reached XP level 2. HP: 14/23 MP: 2/2
  1083 | D:1      | Reached ** piety under Trog
  1346 | D:$      | Safely got out of the dungeon.

Vault maps used:
D:1:      lightli_arrival_chessboard

Action                   || total
-------------------------++-------
Melee: Unarmed           ||   106
       Bite              ||    10
       Punch             ||     3
Armor: Animal skin       ||    35
Dodge: Dodged            ||    98

Table legend:
 A = Spawn XP
 B = Non-spawn XP
 C = Spawn XP percentage of total XP
 D = Spawn monster count
 E = Non-spawn monster count
 F = Spawn count percentage of total count
 G = Total turns spent on level
                    A         B        C        D         E        F      G
               +---------+---------+-------+---------+---------+-------+---------
         Total |       0 |      40 |   0.0 |       0 |      26 |   0.0 |  1346
               +---------+---------+-------+---------+---------+-------+---------
           D:1 |       0 |      40 |   0.0 |       0 |      26 |   0.0 |  1344
               +---------+---------+-------+---------+---------+-------+---------
